 Dungeon Crawl Stone Soup version 0.23.2-30-g0e89c35649 (webtiles) character file.

Game seed: 16704015484314557103

56 sankara the Shield-Bearer (level 4, 0/30 HPs)
             Began as a Halfling Fighter on June 20, 2019.
             Succumbed to an adder's poison
             ... on level 1 of the Dungeon.
             The game lasted 00:07:52 (1609 turns).

sankara the Shield-Bearer (Halfling Fighter)        Turns: 1609, Time: 00:07:53

Health: 0/30       AC:  8    Str: 18    XL:     4   Next: 15%
Magic:  0/4        EV:  9    Int:  6    God:
Gold:   76         SH: 10    Dex: 13    Spells: 3/3 levels left

rFire    . . .     SeeInvis .   a - +0 long sword
rCold    . . .     Gourm    .   c - +0 shield
rNeg     . . .     Faith    .   b - +0 scale mail
rPois    .         Spirit   +   (no helmet)
rElec    .         Reflect  .   (no cloak)
rCorr    .         Harm     .   o - +0 pair of gloves
MR       .....                  (no boots)
Stlth    ..........             h - amulet of guardian spirit {Spirit}
HPRegen  0.10/turn              (no ring)
MPRegen  0.09/turn              (no ring)

@: lethally poisoned (0 -> -3)
A: small, mutation resistance 1
a: no special abilities


You were on level 1 of the Dungeon.
You were hungry.

You visited 1 branch of the dungeon, and saw 3 of its levels.
You visited the Abyss 1 time.

You collected 76 gold pieces.

Inventory:

Hand Weapons
 a - a +0 long sword (weapon)
 l - a cursed -3 whip
   (You found it on level 1 of the Dungeon)
Missiles
 e - 50 stones (quivered)
 p - 46 sling bullets
Armour
 b - a +0 scale mail (worn)
 c - a +0 shield (worn)
 o - a +0 pair of gloves (worn)
   (You found it on level 1 of the Dungeon)
Jewellery
 h - an amulet of guardian spirit (around neck) {Spirit}
   (You found it on level 2 of the Dungeon)
Scrolls
 i - a scroll of teleportation {unknown}
 k - 3 scrolls of remove curse {unknown}
 q - a scroll of identify {unknown}
Potions
 d - 2 potions of might
 g - a potion of berserk rage {unknown}
 j - 2 potions of flight {unknown}
 m - a potion of lignification {unknown}
 n - a potion of curing {unknown}
Comestibles
 f - 6 rations
 r - 4 chunks of flesh {@w0}


   Skills:
 - Level 2.6 Fighting
 * Level 3.2 Long Blades
 + Level 3.8 Armour
 + Level 3.8 Shields


You had 3 spell levels left.
You didn't know any spells.
Your spell library was empty.

Dungeon Overview and Level Annotations

Branches:
Dungeon (3/15)

Altars:
Elyvilon


Innate Abilities, Weirdness & Mutations

You are small and have problems with some larger weapons.
You are somewhat resistant to further mutation.


Message History

Press: ? - help, Shift-Dir - straight line, f/p - orc
Aim: an orc, wielding a +0 whip and wearing a +0 leather armour You throw a stone.
The stone closely misses the orc. x2
The stone barely misses the orc.
An orc comes into view. It is wielding a +0 hand axe.
Throwing (i - inventory)
e - 53 stones (quivered)
Press: ? - help, Shift-Dir - straight line, f/p - orc
Aim: an orc, wielding a +0 whip and wearing a +0 leather armour You throw a stone.
The orc shouts!
The stone hits the orc.
The orc is lightly wounded.
Throwing (i - inventory)
e - 52 stones (quivered)
Press: ? - help, Shift-Dir - straight line, f/p - orc
Aim: an orc, wielding a +0 whip and wearing a +0 leather armour (lightly wounded)
You throw a stone. The stone barely misses the orc.
The stone hits the orc.
The orc is lightly wounded.
Throwing (i - inventory)
e - 51 stones (quivered)
Press: ? - help, Shift-Dir - straight line, f/p - orc
Aim: an orc, wielding a +0 whip and wearing a +0 leather armour (lightly wounded)
You throw a stone.
The stone hits the orc but does no damage.
The orc is lightly wounded.
The orc barely misses you.
You hit the orc.
The orc is severely wounded.
The orc barely misses you.
You barely miss the orc.
The orc is severely wounded.
You barely miss the orc.
The orc is lightly wounded.
You block the orc's attack.
You hit the orc.
The orc is heavily wounded.
The orc barely misses you.
You closely miss the orc.
The orc is heavily wounded.
You block the orc's attack.
You barely miss the orc.
The orc is heavily wounded.
The orc hits you with a +2 short sword of distortion.
You are cast into the Abyss!
To return, you must find a gate leading back.
Killing monsters will force the Abyss to allow you passage.
This branch contains the abyssal rune of Zot.
Found a gateway leading out of the Abyss.
There is a gateway leading out of the Abyss here.
You pass through the gate.
Welcome back to the Dungeon!
The orc closely misses you.
You riposte.
You barely miss the orc.
The orc is moderately wounded.
You block the orc's attack. The orc hits you but does no damage.
The orc closely misses you. The orc barely misses you.
You hit the orc but do no damage.
The orc is heavily wounded.
The orc hits you but does no damage. Space warps horribly around you!
Ouch! That really hurt!
The orc hits you but does no damage.
The orc hits you with a +2 short sword of distortion.
Space bends around you.
* * * LOW HITPOINT WARNING * * *
Your shield and scale mail prevent you from hitting the orc.
The orc is heavily wounded.
The orc barely misses you. You block the orc's attack. x2
You closely miss the orc.
The orc is heavily wounded.
An adder comes into view.
The orc hits you but does no damage.
You blink.
The adder hisses angrily.
You block the adder's attack.
There is a stone staircase leading up here.
The adder barely misses you. The orc hits you but does no damage.
The adder bites you.
* * * LOW HITPOINT WARNING * * *
You climb upwards.
The adder hisses angrily.
There is a stone staircase leading down here.
The orc barely misses you. You block the adder's attack. The adder misses you.
You riposte.
You miss the adder.
There is a stone staircase leading up here.
The adder barely misses you. The adder bites you but does no damage.
You climb upwards.
You are feeling hungry.
There is a stone staircase leading down here.
You closely miss the adder. You block the adder's attack.
You closely miss the adder. You block the adder's attack. x2
You hit the adder.
The adder is heavily wounded.
The adder bites you but does no damage. The adder bites you.
* * * LOW HITPOINT WARNING * * *
Your shield and scale mail prevent you from hitting the adder.
The adder is heavily wounded.
The adder bites you.
* * * LOW HITPOINT WARNING * * *
You are lethally poisoned!
The adder poisons you! The adder bites you but does no damage.
Your scale mail prevents you from hitting the adder.
The adder is heavily wounded.
You die...

#.# ########...##.####.#.#.# #.#
#...............##.#.#.#
##.####.#.####...#....##.#.#.###
#.#.....#.# #...........#......
##.###..#.####...#.##.######.###
##.............##.##.# #......
####.##รท.#.#####.##.##.# #......
.........#.# ##.##.##.####..####
####.##.##.# #.@...........#.###
....#...##.# #.S##.##......##...
####.#####.####..............###.
#.# #.....................## ##
#.# ######.###.##........### .#
#.# #.# #.##.......#### .# #.#
#.# #..........###. .# #.# #.#
######..#.##... .# #.# #.#
#....#.###


You could see an adder.

Vanquished Creatures
  An adder (D:2)
  A dart slug (D:1)
  A leopard gecko (D:1)
  3 bats
  4 giant cockroaches
  4 goblins
  4 hobgoblins
  5 jackals
  6 kobolds
  A ball python (D:1)
  3 frilled lizards
  7 rats
40 creatures vanquished.

Notes
Turn   | Place    | Note
-------+----------+-------------------------------------------
     0 | D:1      | sankara the Halfling Fighter began the quest for the Orb.
     0 | D:1      | Reached XP level 1. HP: 15/15 MP: 1/1
   117 | D:1      | Reached XP level 2. HP: 20/20 MP: 2/2
   439 | D:1      | Reached XP level 3. HP: 25/25 MP: 3/3
   763 | D:2      | Reached skill level 3 in Long Blades
  1207 | D:2      | Reached XP level 4. HP: 30/30 MP: 4/4
  1529 | D:3      | Found a white marble altar of Elyvilon.
  1576 | D:3      | Cast into level 1 of the Abyss (orc)
  1588 | D:3      | Escaped the Abyss
  1589 | D:3      | HP: 7/30 [orc/+2 short sword of distortion (3)]
  1607 | D:1      | HP: 4/30 [adder (2)]
  1608 | D:1      | HP: 1/30 [adder (3)]
  1609 | D:1      | Succumbed to an adder's poison

Skill      XL: |  1  2  3 |
---------------+----------+-----
Long Blades    | 3 |  3.2
Fighting       | |  2.6
Armour         | |  3.8
Shields        | |  3.8

Action                   |  1- 3 |  4- 6 || total
-------------------------+-------+-------++-------
Melee: Long sword        |   101 |    36 ||   137
Throw: Stone             |       |     5 ||     5
  Eat: Chunk             |     1 |     1 ||     2
Armor: Scale mail        |    43 |    18 ||    61
Dodge: Dodged            |    27 |    24 ||    51
Block: Shield            |    50 |    30 ||    80
       Rpst.: Long sword |     9 |     7 ||    16

Levels and vault maps discovered:
D:1:      dpeg_arrival_simpleton_a, layout_loops_ring
D:2:      layout_basic, first_ration
D:3:      layout_rooms, nicolae_overflow_crystal_walls, elyvilon_altar_4,
          lemuel_coloured_pillars_altar, grunt_temple_overflow_cloverleaf,
          roderic_roman_lattice, hangedman_decor_slide_cut
Abyss:1:  hangedman_abyss_or_decor_stagger

Table legend:
 A = Turns spent in this place as a percentage of turns spent in the entire game.
 B = Non-inter-level travel turns spent in this place as a percentage of non-inter-level travel turns spent in the entire game.
 C = Inter-level travel turns spent in this place as a percentage of turns spent in this place.
 D = Turns resting spent in this place as a percentage of non-inter-level travel turns spent in this place.
 E = Turns spent auto-exploring this place as a percentage of non-inter-level travel turns spent in this place.
 F = Non-inter-level travel turns spent in this place divided by the number of levels of this place that you've seen.
                   A       B       C       D       E      F
               +-------+-------+-------+-------+-------+----------------------
         Total | 100.0 | 100.0 |   2.2 |   0.0 |  77.7 | 393.2
       Dungeon |  99.3 |  99.2 |   2.3 |   0.0 |  78.3 | 520.3
         Abyss |   0.7 |   0.8 |   0.0 |   0.0 |   0.0 |  12.0
               +-------+-------+-------+-------+-------+----------------------

Table legend:
 A = Kills in this place as a percentage of kills in entire the game.
 B = Kills by you in this place as a percentage of kills by you in the entire game.
 C = Kills by friends in this place as a percentage of kills by friends in the entire game.
 D = Other kills in this place as a percentage of other kills in the entire game.
 E = Experience gained in this place as a percentage of experience gained in the entire game.
 F = Experience gained in this place divided by the number of levels of this place that you have seen.
                   A       B       C       D       E      F
               +-------+-------+-------+-------+-------+----------------------
         Total | 100.0 | 100.0 |   N/A |   N/A | 100.0 |  20.0
       Dungeon | 100.0 | 100.0 |   N/A |   N/A | 100.0 |  26.7
               +-------+-------+-------+-------+-------+----------------------
